 Dungeon Crawl Stone Soup version 0.20-a0-795-ga03948b (webtiles) character file.

313362 Gorglomux the Crack Shot (level 20, -2/170 HPs)
             Began as a Centaur Hunter on Mar 1, 2017.
             Was a High Priest of Okawaru.
             Killed from afar by a deep troll earth mage (16 damage)
             ... with a blast of metal fragments
             ... led by an ironheart preserver
             ... on level 3 of the Vaults.
             The game lasted 03:06:50 (60776 turns).

Gorglomux the Crack Shot (Centaur Hunter)          Turns: 60776, Time: 03:06:51

Health: -2/170     AC: 34    Str: 20    XL:     20   Next: 46%
Magic:  33/33      EV:  8    Int: 12    God:    Okawaru [*****.]
Gold:   1162       SH:  0    Dex: 20    Spells: 17/37 levels left

rFire    . . .     SeeInvis +   b - +8 glaive of the Guard {elec, +Rage AC+5 SInv}
rCold    + + .     Gourm    .   v - +6 storm dragon scales of Roakk {rElec rPois Regen+ rCorr Dex-3}
rNeg     . . .     Faith    .   (shield currently unavailable)
rPois    +         Spirit   .   o - +3 crown of Dyrovepreva {rElec Int+2 SInv}
rElec    +         Reflect  .   N - scarf {rC+}
rCorr    +         Harm     .   E - +2 pair of gloves {Dex+3} {god gift}
MR       ++...                  s - +0 centaur barding {Fly} {god gift}
Stlth    ..........             r - amulet of regeneration
Regen    1.2/turn               (no ring)
MPRegen  0.3/turn               p - ring "Alait" {*Drain rC+ MR+ Dex+6 Stlth+}

@: flying, very slightly contaminated, very quick
A: hooves 3, deformed body, speed 2, tough skin 3
}: 2/15 runes: decaying, serpentine
a: Heroism, Finesse, Renounce Religion, Evoke Berserk Rage, Stop Flying


You were on level 3 of the Vaults.
You worshipped Okawaru.
Okawaru was extremely pleased with you.
You were not hungry.

You visited 7 branches of the dungeon, and saw 35 of its levels.
You visited 2 bazaars.

You collected 3906 gold pieces.
You spent 2744 gold pieces at shops.

Inventory:

Hand Weapons
 a - a +2 longbow of velocity {god gift}
 b - the +8 glaive of the Guard (weapon) {elec, +Rage AC+5 SInv}
   (You found it on level 1 of the Vaults)

   Occasionally, upon striking a foe, it will discharge some electrical energy
   and cause terrible harm.
   It affects your AC (+5).
   It lets you see invisible.
   It lets you go berserk.
Missiles
 d - 850 arrows
 Z - 2 throwing nets (quivered)
Armour
 o - the +3 crown of Dyrovepreva (worn) {rElec Int+2 SInv}
   (You found it on level 5 of the Lair of Beasts)

   It affects your intelligence (+2).
   It insulates you from electricity.
   It lets you see invisible.
 s - a +0 centaur barding of flying (worn) {god gift}
 v - the +6 storm dragon scales of Roakk (worn) {rElec rPois Regen+ rCorr Dex-3}
   (You bought it in a shop on level 2 of the Vaults)

   It affects your dexterity (-3).
   It insulates you from electricity.
   It protects you from poison.
   It increases your rate of regeneration.
   It protects you from acid and corrosion.
 E - a +2 pair of gloves of dexterity (worn) {god gift}
 N - a scarf of cold resistance (worn)
Jewellery
 p - the ring "Alait" (left hand) {*Drain rC+ MR+ Dex+6 Stlth+}
   (You took it off a crimson imp on level 15 of the Dungeon)

   [ring of protection from cold]

   It affects your dexterity (+6).
   It protects you from cold.
   It affects your resistance to hostile enchantments.
   It causes draining when unequipped.
   It makes you more stealthy.
 r - an amulet of regeneration (around neck)
Wands
 j - a wand of iceblast (9/15)
 A - a wand of acid (8/15)
 D - a wand of digging (9/24)
 I - a wand of iceblast (5/15)
 L - a wand of lightning (11/15)
 O - a wand of clouds (3/9)
Scrolls
 e - 2 scrolls of silence
 i - a scroll of holy word
 n - 10 scrolls of recharging
 q - a scroll of enchant weapon
 u - 2 scrolls of fear
 y - 14 scrolls of remove curse
 z - 4 scrolls of fog
 B - 7 scrolls of blinking
 G - a scroll of summoning
 J - 8 scrolls of immolation
 M - a scroll of magic mapping
 R - a scroll of identify
 T - 3 scrolls of teleportation
Potions
 c - 13 potions of curing
 g - 5 potions of lignification
 k - a potion of resistance
 t - 4 potions of agility
 w - 3 potions of berserk rage
 x - 2 potions of invisibility
 C - 4 potions of haste
 F - 4 potions of might
 H - 2 potions of cancellation
 K - 2 potions of magic
 Q - 4 potions of heal wounds
 S - 4 potions of mutation
 W - a potion of ambrosia
Books
 h - a book of Flames

   Spells                             Type                      Level
   a - Flame Tongue                   Conjuration/Fire             1
   b - Throw Flame                    Conjuration/Fire             2
   c - Conjure Flame                  Conjuration/Fire             3
   d - Inner Flame                    Hexes/Fire                   3
   e - Sticky Flame                   Conjuration/Fire             4
   f - Fireball                       Conjuration/Fire             5
Miscellaneous
 U - 2 boxes of beasts
 V - 3 phantom mirrors
 X - a phial of floods
 Y - a lamp of fire
Comestibles
 f - 17 bread rations
 l - a royal jelly
 m - 11 meat rations
 P - 2 chunks of flesh


   Skills:
 - Level 12.6 Fighting
 - Level 12.0 Polearms
 - Level 24.0 Bows
 - Level 1.0 Throwing
 + Level 8.0 Armour
 - Level 8.2 Dodging
 - Level 0.4 Stealth
 - Level 2.3 Unarmed Combat
 - Level 9.0 Spellcasting
 - Level 4.0 Hexes
 - Level 10.3 Charms
 - Level 5.2 Summonings
 - Level 10.2 Translocations
 - Level 7.4 Air Magic
 - Level 8.1 Invocations


You had 17 spell levels left.
You knew the following spells:

 Your Spells              Type           Power        Failure   Level  Hunger
a - Call Canine Familiar  Summ           ###.....     43%         3    ##.....
d - Blink                 Tloc           N/A          2%          2    None
f - Deflect Missiles      Chrm/Air       ####......   100%        6    #######
g - Passage of Golubria   Tloc           N/A          21%         4    ####...
h - Shroud of Golubria    Chrm/Tloc      ####......   1%          2    None
j - Portal Projectile     Hex/Tloc       ###...       21%         3    ##.....


Dungeon Overview and Level Annotations

Branches:
Dungeon (15/15)            Temple (1/1) D:7            Lair (6/6) D:9
  Swamp (4/4) Lair:2        Snake (4/4) Lair:4        Slime (0/5) Lair:5
    Orc (2/2) D:11            Elf (0/3) Orc:2        Vaults (3/5) D:13
  Crypt (0/3) Vaults:2     Depths (0/5) D:15

Altars:
Ashenzari
Elyvilon
Fedhas
Gozag
Hepliaklqana
Makhleb
Nemelex Xobeh
Okawaru
Sif Muna
Trog
Vehumet
Wu Jian
Yredelemnul
Beogh

Shops:
D:4 %   Orc:2 =[(*   Snake:1 [   Vaults:2 [   Vaults:3 }

Annotations:
D:12 1 runed door


Innate Abilities, Weirdness & Mutations

You have hooves in place of feet.
Armour fits poorly on your strangely shaped body.
You cover ground very quickly.
You have extremely tough skin. (AC +3)


Message History

The deep troll claws you but does no damage.
The deep troll earth mage bites you!!
* * * LOW HITPOINT WARNING * * *
The deep troll earth mage claws you!
* * * LOW HITPOINT WARNING * * *
The deep troll earth mage claws you but does no damage.
You barely miss the deep troll earth mage.
You kick the deep troll earth mage.
The deep troll earth mage is lightly wounded.
The deep troll earth mage bites you!!
* * * LOW HITPOINT WARNING * * *
The deep troll earth mage claws you!
* * * LOW HITPOINT WARNING * * *
The deep troll earth mage claws you but does no damage.
Blink to where?
Press: ? - help, Dir - move target cursor You are very lightly contaminated with residual magic.
As you read the scroll of blinking, it crumbles to dust.
The metal wall shatters!
The blast of metal fragments hits you!
You die...

#≈≈...≈≈)T.......'...........#
#.......#T.......#...#...#...#
'.......#........##.#######.##
#.......#........((..#...#...#
#≈≈...≈≈#......).#...........#
#≈≈...≈≈#........#...#...#...#
#########........##.#######.##
######'####...#...#...#
#.....@.# #...........# #####
#.......# #...#...#...# ....#
#.......# #######(##### ....#
#.......# #......... .####
####.......# #......... .##
##.##.......# #......(.. ..##
#...).......# #..)...... ...##
##..#######'######^..))....
#...## #..# #......#...).....


You could see a deep troll shaman.

Vanquished Creatures
  Mara (Snake:3)
  Bai Suzhen (Vaults:3)
  4 liches
  Jorgrun (Vaults:1)
  Rupert (Lair:3)
  Agnes (D:14)
  A storm dragon (D:14)
  3 thorn hunters
  Roxanne (Swamp:3)
  A fire giant (Vaults:1)
  14 nagarajas
  A frost giant (Vaults:1)
  Aizul (Snake:1)
  3 vault wardens
  2 orc warlords (Orc:2)
  4 stone giants
  6 ironheart preservers
  A deep elf demonologist (Vaults:1)
  A deep elf annihilator (Vaults:1)
  Josephine (Orc:1)
  A fire dragon (Lair:6)
  4 yaktaur captains
  Snorg (Lair:3)
  4 ettins
  Erolcha (D:11)
  2 rakshasas (Vaults:1)
  3 ice dragons
  22 naga warriors
  28 hydras
  6 anacondas
  A ghost crab (Swamp:3)
  8 vault guards
  Fannar (D:11)
  Erica (D:8)
  6 ogre magi
  7 centaur warriors
  16 alligators
  26 two-headed ogres
  A death knight (D:13)
  2 tengu warriors
  6 death yaks
  16 naga sharpshooters
  An orc high priest (Orc:2)
  3 shock serpents
  2 deep elf knights
  A fire crab (shapeshifter) (Vaults:1)
  5 skeletal warriors (Vaults:2)
  7 salamander mystics
  3 unseen horrors
  14 swamp dragons
  3 spriggan druids
  4 deep trolls
  4 shambling mangroves
  2 wizards (Vaults:1)
  A phantasmal warrior (D:14)
  2 deep elf archers
  10 naga ritualists
  Pikel (D:7)
  11 ironbrand convokers
  The ghost of Dingo the Destroyer, a novice DrCj of Sif Muna (D:6)
  12 mana vipers
  13 orc knights
  14 ugly things
  3 wolf spiders
  8 cyclopes
  4 deep elf magi
  A salamander (shapeshifter) (Vaults:2)
  5 orc sorcerers
  20 salamanders
  14 elephants
  A black mamba (shapeshifter) (Vaults:2)
  Maurice (D:11)
  11 guardian serpents
  48 black mambas
  A gargoyle (D:13)
  27 spiny frogs
  5 centaur skeletons
  5 vault sentinels
  2 torpor snails
  20 naga magi
  A spiny frog (shapeshifter) (Vaults:1)
  10 yaktaurs
  A rime drake (Lair:3)
  5 kobold demonologists
  3 freezing wraiths
  A tengu conjurer (D:15)
  10 komodo dragons
  An efreet (D:13)
  14 trolls
  A merfolk (shapeshifter) (Vaults:2)
  5 tyrant leeches
  A polar bear (shapeshifter) (Vaults:1)
  11 hornets
  Grinder (D:6)
  A hornet (shapeshifter) (Vaults:1)
  18 blink frogs
  11 hippogriffs
  3 bog bodies
  24 slime creatures
  A centaur simulacrum (D:15)
  3 shadows
  13 wyverns
  A vampire (D:13)
  3 redbacks (Lair:6)
  7 spriggans
  5 wraiths (Orc:1)
  3 basilisks
  3 hungry ghosts
  19 vampire mosquitoes
  28 yaks
  3 steam dragons
  20 insubstantial wisps
  5 wargs
  58 nagas
  A soldier ant (D:10)
  38 swamp worms
  23 water moccasins
  4 acid dragons
  12 porcupines
  16 swamp drakes
  2 ice beasts
  55 orc warriors
  4 sky beasts
  An eye of draining (D:15)
  3 slaves (D:7)
  An ogre (shapeshifter) (D:14)
  4 phantoms
  3 boggarts (D:15)
  A necrophage (D:8)
  19 ogres
  17 wolves
  10 centaurs
  6 big kobolds
  17 crocodiles
  Blork the orc (D:6)
  25 bullfrogs
  A wyvern zombie (D:11)
  A gnoll sergeant (D:9)
  3 scorpions
  24 killer bees
  2 howler monkeys
  8 wights
  3 electric eels
  9 crimson imps
  2 bullfrog zombies
  7 centaur zombies
  4 jellies
  A quasit (D:15)
  9 hounds
  33 orc wizards
  22 orc priests
  3 bullfrog skeletons
  A gnoll shaman (D:6)
  6 iguanas
  Ijyb (D:3)
  16 worker ants
  A hound skeleton (D:7)
  4 worker ant zombies
  20 gnolls
  13 adders
  6 shadow imps
  4 oozes
  An adder skeleton (D:4)
  16 worms
  2 dart slugs
  15 leopard geckos
  93 orcs
  11 bats
  6 giant cockroaches
  17 goblins
  4 hobgoblins
  8 jackals
  16 kobolds
  3 quokkas
  2 frilled lizards
  A giant cockroach zombie (D:6)
  A jackal skeleton (D:5)
  2 quokka skeletons
  2 rats (D:1)
  A fire vortex (Lair:1)
  A fungus (Lair:3)
  2 plants
1467 creatures vanquished.

Vanquished Creatures (others)
  A hippogriff (Lair:4)
  An orc (D:13)
  A giant cockroach (D:3)
  2 goblins (D:7)
  A quokka (D:3)
  A bush (Lair:4)
  33 fungi
  40 plants
80 creatures vanquished.

Grand Total: 1547 creatures vanquished

Notes
Turn   | Place    | Note
-------+----------+-------------------------------------------
     0 | D:1      | Gorglomux the Centaur Hunter began the quest for the Orb.
     0 | D:1      | Reached XP level 1. HP: 17/17 MP: 1/1
     0 | D:1      | Noticed a merfolk zombie
     7 | D:1      | Noticed a minotaur zombie
   217 | D:1      | Reached XP level 2. HP: 19/24 MP: 2/2
   221 | D:1      | Reached skill level 6 in Bows
  1653 | D:1      | Reached XP level 3. HP: 26/30 MP: 3/3
  2223 | D:2      | Reached skill level 1 in Unarmed Combat
  2232 | D:2      | Reached skill level 3 in Fighting
  2613 | D:2      | Reached XP level 4. HP: 38/38 MP: 4/4
  2958 | D:2      | Reached skill level 1 in Throwing
  3693 | D:3      | Noticed Ijyb
  3743 | D:3      | Killed Ijyb
  3743 | D:3      | Reached XP level 5. HP: 35/45 MP: 5/5
  4018 | D:3      | Found a white marble altar of Elyvilon.
  4200 | D:3      | Became a worshipper of Elyvilon the Healer
  4308 | D:3      | Reached skill level 7 in Bows
  4670 | D:3      | Found a radiant altar of Vehumet.
  4671 | D:3      | Found a blossoming altar of Fedhas.
  4926 | D:4      | Reached XP level 6. HP: 52/52 MP: 6/6
  5367 | D:4      | Found an ornate altar of the Wu Jian Council.
  5456 | D:4      | Found Huloirchi's Food Shop.
  5793 | D:4      | Got a steaming whip
  5794 | D:4      | Identified the +1 whip "Olluf" {flame, Stlth+} (You found it on level 4 of the Dungeon)
  5918 | D:4      | Reached skill level 8 in Bows
  6333 | D:5      | Entered Level 5 of the Dungeon
  6361 | D:5      | Reached * piety under Elyvilon
  6455 | D:5      | Reached XP level 7. HP: 31/60 MP: 7/7
  7242 | D:5      | Reached skill level 1 in Invocations
  7309 | D:5      | Reached skill level 1 in Polearms
  7878 | D:6      | Noticed Blork the orc
  7887 | D:6      | Killed Blork the orc
  7919 | D:6      | Reached ** piety under Elyvilon
  7940 | D:6      | Noticed Dingo's ghost (novice DrCj)
  7981 | D:6      | HP: 2/62 [Dingo's ghost/magic dart (6)]
  8362 | D:6      | Reached skill level 6 in Fighting
  8362 | D:6      | Reached skill level 3 in Polearms
  8447 | D:6      | Reached XP level 8. HP: 26/70 MP: 8/8
  9087 | D:6      | Noticed Grinder
  9470 | D:6      | Paralysed by Grinder for 4 turns
  9474 | D:6      | Killed Grinder
  9682 | D:6      | Reached skill level 6 in Polearms
 10385 | D:6      | Killed Dingo's ghost
 10385 | D:6      | Reached XP level 9. HP: 40/79 MP: 9/9
 12128 | D:7      | Found a staircase to the Ecumenical Temple.
 12226 | Temple   | Entered the Ecumenical Temple
 12234 | Temple   | Fell from the grace of Elyvilon
 12234 | Temple   | Became a worshipper of Warmaster Okawaru
 12310 | D:7      | Reached skill level 9 in Bows
 12451 | D:7      | Noticed Pikel
 12457 | D:7      | You fall through a shaft for 2 floors!
 12904 | D:9      | Reached skill level 9 in Fighting
 12943 | D:9      | Reached skill level 1 in Armour
 12969 | D:9      | Reached * piety under Okawaru
 13223 | D:9      | Reached XP level 10. HP: 91/91 MP: 10/10
 13343 | D:9      | Reached skill level 3 in Armour
 13853 | D:8      | Reached ** piety under Okawaru
 14092 | D:8      | Noticed a two-headed ogre
 14170 | D:8      | Killed a two-headed ogre
 14447 | D:8      | Found a bloodstained altar of Trog.
 14499 | D:8      | Noticed a two-headed ogre
 15015 | D:7      | Killed Pikel
 15015 | D:7      | Reached *** piety under Okawaru
 15015 | D:7      | Reached skill level 3 in Dodging
 15725 | D:8      | Noticed a two-headed ogre
 15772 | D:7      | Killed a two-headed ogre
 15861 | D:8      | Noticed Erica
 15878 | D:8      | Killed Erica
 15878 | D:8      | Received a gift from Okawaru
 15878 | D:8      | Reached **** piety under Okawaru
 16155 | D:8      | Killed a two-headed ogre
 16155 | D:8      | Reached XP level 11. HP: 63/97 MP: 11/11
 16319 | D:8      | Found a shattered altar of Ashenzari.
 16441 | D:8      | Received a gift from Okawaru
 16587 | D:8      | Reached skill level 6 in Dodging
 17457 | D:9      | Found a staircase to the Lair.
 17457 | D:9      | Noticed a death yak
 17601 | D:8      | Killed a death yak
 18435 | D:9      | Received a gift from Okawaru
 19083 | D:9      | Received a gift from Okawaru
 19337 | D:9      | Noticed a two-headed ogre
 19415 | D:9      | Killed a two-headed ogre
 19684 | D:10     | Entered Level 10 of the Dungeon
 19848 | D:10     | Received a gift from Okawaru
 20319 | D:10     | Reached skill level 3 in Invocations
 20468 | D:10     | Found a deep blue altar of Sif Muna.
 20510 | D:10     | Received a gift from Okawaru
 20833 | Lair:1   | Entered Level 1 of the Lair of Beasts
 21386 | Lair:1   | Reached ***** piety under Okawaru
 21386 | Lair:1   | Reached skill level 6 in Invocations
 21813 | Lair:1   | Reached XP level 12. HP: 72/104 MP: 15/17
 22236 | Lair:1   | Received a gift from Okawaru
 22250 | Lair:1   | Got a translucent double sword {god gift}
 22251 | Lair:1   | Identified the +6 double sword "Iczarch" {god gift, holy, Int+4} (Okawaru gifted it to you on level 1 of the Lair of Beasts)
 22680 | Lair:2   | Noticed a six-headed hydra
 22773 | Lair:2   | Killed a six-headed hydra
 23583 | Lair:2   | Reached skill level 10 in Bows
 24267 | Lair:2   | Found a staircase to the Swamp.
 24459 | Lair:2   | Received a gift from Okawaru
 24629 | Lair:2   | Reached skill level 9 in Polearms
 24769 | Lair:2   | Received a gift from Okawaru
 25009 | Lair:3   | Noticed Snorg
 25026 | Lair:3   | Received a gift from Okawaru
 25027 | Lair:3   | Noticed a four-headed hydra
 25066 | Lair:3   | Killed a four-headed hydra
 25066 | Lair:3   | Reached skill level 11 in Bows
 25551 | Lair:3   | Received a gift from Okawaru
 25724 | Lair:3   | Noticed Rupert
 25837 | Lair:3   | Killed Rupert
 25837 | Lair:3   | Reached XP level 13. HP: 78/114 MP: 19/19
 26396 | Lair:3   | Killed Snorg
 26865 | Lair:3   | Received a gift from Okawaru
 26865 | Lair:3   | Reached skill level 12 in Bows
 27848 | Lair:4   | Received a gift from Okawaru
 28451 | Lair:4   | Received a gift from Okawaru
 28524 | Lair:4   | Reached skill level 13 in Bows
 28620 | Lair:4   | Found a staircase to the Snake Pit.
 29027 | Lair:5   | Found a staircase to the Slime Pits.
 29483 | Lair:5   | Reached skill level 14 in Bows
 29775 | Lair:5   | Got a fine spear
 29776 | Lair:5   | Identified the +11 spear of the Heavens {flame, Str+4} (You found it on level 5 of the Lair of Beasts)
 29859 | Lair:5   | Got a shimmering chain mail
 29870 | Lair:5   | Identified the +7 chain mail of Inference {MR+ rCorr} (You found it on level 5 of the Lair of Beasts)
 30525 | Lair:5   | Received a gift from Okawaru
 30525 | Lair:5   | Reached skill level 15 in Bows
 30686 | Lair:6   | Entered Level 6 of the Lair of Beasts
 30746 | Lair:6   | Reached ****** piety under Okawaru
 30746 | Lair:6   | Reached XP level 14. HP: 114/124 MP: 20/20
 30785 | Lair:6   | Received a gift from Okawaru
 30952 | Lair:6   | Reached skill level 16 in Bows
 31105 | Lair:6   | Received a gift from Okawaru
 31108 | Lair:6   | Got a scorched shortbow {god gift}
 31110 | Lair:6   | Identified the +5 shortbow "Newtbane" {god gift, venom, rElec MR+ Str+6 Int-2} (Okawaru gifted it to you on level 6 of the Lair of Beasts)
 31762 | Lair:6   | Reached skill level 17 in Bows
 32309 | Lair:6   | Received a gift from Okawaru
 32818 | Lair:6   | Reached skill level 18 in Bows
 33014 | Lair:6   | Received a gift from Okawaru
 34129 | D:11     | Noticed Erolcha
 34144 | D:11     | Killed Erolcha
 34329 | D:11     | Reached skill level 19 in Bows
 34481 | D:11     | Found a staircase to the Orcish Mines.
 34839 | D:11     | Noticed Fannar
 34867 | D:11     | Killed Fannar
 34867 | D:11     | Received a gift from Okawaru
 35008 | D:11     | Noticed Maurice
 35104 | D:11     | Killed Maurice
 35652 | D:12     | Found a runed door.
 35654 | D:12     | Noticed a frost giant
 35713 | D:12     | Reached XP level 15. HP: 124/130 MP: 21/21
 36137 | D:13     | Found a gate to the Vaults.
 36173 | D:13     | Reached skill level 20 in Bows
 36251 | D:13     | Received a gift from Okawaru
 36957 | D:13     | Reached skill level 21 in Bows
 37572 | D:14     | Noticed Agnes
 37588 | D:14     | Killed Agnes
 37703 | D:14     | Noticed a storm dragon
 37774 | D:14     | Killed a storm dragon
 37973 | D:14     | Received a gift from Okawaru
 37974 | D:14     | Reached skill level 22 in Bows
 38380 | D:15     | Entered Level 15 of the Dungeon
 38440 | D:15     | Received a gift from Okawaru
 38813 | D:15     | Found a staircase to the Depths.
 39142 | D:15     | Got a crude marble ring
 39144 | D:15     | Identified the ring "Alait" {*Drain rC+ MR+ Dex+6 Stlth+} (You took it off a crimson imp on level 15 of the Dungeon)
 39298 | D:15     | Received a gift from Okawaru
 39313 | D:15     | Reached skill level 23 in Bows
 39398 | D:15     | Found an opulent altar of Gozag.
 39441 | D:15     | Reached XP level 16. HP: 111/138 MP: 22/22
 39946 | Orc:1    | Entered Level 1 of the Orcish Mines
 40177 | Orc:1    | Noticed Josephine
 40224 | Orc:1    | Killed Josephine
 40570 | Orc:2    | Entered Level 2 of the Orcish Mines
 40682 | Orc:2    | Found a staircase to the Elven Halls.
 41145 | Orc:2    | Found a roughly hewn altar of Beogh.
 41164 | Orc:2    | Found Kuplug's Antique Weapon Emporium.
 41184 | Orc:2    | Found Dupyboec's General Store.
 41198 | Orc:2    | Found Donkaen's Antique Armour Emporium.
 41211 | Orc:2    | Found Fanwott's Jewellery Emporium.
 41272 | Orc:2    | Bought a potion of heal wounds for 50 gold pieces
 41272 | Orc:2    | Bought a scroll of identify for 20 gold pieces
 41294 | Orc:2    | Bought a faintly glowing cloak for 237 gold pieces
 41304 | Orc:2    | Identified the +0 cloak "Damnable Contraption" {*Slow rElec Dex+5 SInv} (You bought it in a shop on level 2 of the Orcish Mines)
 41617 | Orc:2    | Reached skill level 24 in Bows
 41949 | Snake:1  | Entered Level 1 of the Snake Pit
 42068 | Snake:1  | Got a jewelled chain mail
 42081 | Snake:1  | Identified the +2 chain mail of Follow the Leader {SInv} (You found it on level 1 of the Snake Pit)
 42195 | Snake:1  | Noticed Aizul
 42217 | Snake:1  | Killed Aizul
 42382 | Snake:1  | Found Puusk's Armour Boutique.
 42471 | Snake:1  | Received a gift from Okawaru
 42713 | Snake:2  | Reached skill level 12 in Fighting
 42728 | Snake:2  | Received a gift from Okawaru
 43259 | Snake:2  | Found a flickering gateway to a bazaar.
 43300 | Bazaar   | Entered a bazaar
 43315 | Bazaar   | Found Fufos's Book Emporium.
 43330 | Bazaar   | Found Mamp's Armour Emporium.
 43330 | Bazaar   | Found Gupos's Gadget Shoppe.
 43351 | Bazaar   | Found Beang's Armour Emporium.
 43366 | Bazaar   | Found Mourot's Weapon Shoppe.
 43444 | Bazaar   | Bought a book of Spatial Translocations for 390 gold pieces
 43444 | Bazaar   | Bought a book of Callings for 180 gold pieces
 43447 | Bazaar   | Learned a level 2 spell: Blink
 43451 | Bazaar   | Learned a level 3 spell: Call Canine Familiar
 43454 | Bazaar   | Learned a level 2 spell: Shroud of Golubria
 43459 | Bazaar   | Learned a level 4 spell: Passage of Golubria
 43654 | Snake:2  | Reached skill level 12 in Polearms
 44251 | Snake:3  | Reached skill level 1 in Summonings
 44400 | Snake:3  | Reached skill level 1 in Charms
 44400 | Snake:3  | Reached skill level 1 in Translocations
 44407 | Snake:3  | Reached skill level 1 in Spellcasting
 44928 | Snake:3  | Reached XP level 17. HP: 141/148 MP: 21/23
 45114 | Snake:3  | Received a gift from Okawaru
 45158 | Snake:3  | Noticed Mara
 45175 | Snake:3  | Killed Mara
 45175 | Snake:3  | Received a gift from Okawaru
 45175 | Snake:3  | Received a gift from Okawaru
 45175 | Snake:3  | Reached skill level 3 in Charms
 45175 | Snake:3  | Reached skill level 3 in Summonings
 45175 | Snake:3  | Reached skill level 3 in Translocations
 45332 | Snake:3  | Received a gift from Okawaru
 45623 | Snake:3  | Reached skill level 3 in Spellcasting
 46110 | Snake:4  | Entered Level 4 of the Snake Pit
 46269 | Snake:4  | Found a flickering gateway to a bazaar.
 46291 | Bazaar   | Entered a bazaar
 46291 | Bazaar   | Found Umpoesyk's Weapon Boutique.
 46291 | Bazaar   | Found Gigi's Armour Shop.
 46291 | Bazaar   | Found Wudwust's Armour Shop.
 46305 | Bazaar   | Bought the +0 helmet "Tihep" {Regen+ SInv} for 157 gold pieces
 46351 | Snake:4  | Received a gift from Okawaru
 46824 | Snake:4  | Received a gift from Okawaru
 47142 | Snake:4  | Received a gift from Okawaru
 47763 | Snake:4  | Reached skill level 6 in Charms
 47775 | Snake:4  | Reached skill level 6 in Translocations
 48122 | Snake:4  | Reached XP level 18. HP: 132/156 MP: 22/25
 48143 | Snake:4  | Received a gift from Okawaru
 48863 | Snake:4  | Got a serpentine rune of Zot
 49078 | Snake:4  | Reached skill level 6 in Spellcasting
 49505 | Lair:1   | Learned a level 6 spell: Deflect Missiles
 49583 | Swamp:1  | Entered Level 1 of the Swamp
 49678 | Swamp:1  | Received a gift from Okawaru
 49750 | Swamp:1  | Reached skill level 1 in Air Magic
 50763 | Swamp:1  | HP: 7/156 [alligator (21)]
 51164 | Swamp:2  | Reached skill level 3 in Air Magic
 51846 | Swamp:3  | Noticed Roxanne
 52526 | Swamp:3  | Killed Roxanne
 52527 | Swamp:3  | Identified Roxanne's Reference Book on Transmigration (You took it off Roxanne on level 3 of the Swamp)
 52577 | Swamp:4  | Entered Level 4 of the Swamp
 53011 | Swamp:4  | Received a gift from Okawaru
 53019 | Swamp:4  | Got a warped chain mail {god gift}
 53030 | Swamp:4  | Identified the +1 chain mail of the Distant Future {god gift, +Inv rF+ rC++ Str-5} (Okawaru gifted it to you on level 4 of the Swamp)
 53150 | Swamp:4  | Reached XP level 19. HP: 162/162 MP: 29/29
 53422 | Swamp:4  | Reached skill level 9 in Translocations
 53432 | Swamp:4  | Reached skill level 9 in Charms
 54028 | Swamp:4  | Got a decaying rune of Zot
 54320 | Vaults:1 | Entered Level 1 of the Vaults
 54320 | Vaults:1 | Noticed Jorgrun
 54331 | Vaults:1 | Killed Jorgrun
 54917 | Vaults:1 | Received a gift from Okawaru
 55135 | Vaults:1 | Noticed a lich
 55195 | Vaults:1 | Reached skill level 6 in Air Magic
 55243 | Vaults:1 | Noticed a lich
 55256 | Vaults:1 | Killed a lich
 55256 | Vaults:1 | Received a gift from Okawaru
 55287 | Vaults:1 | Identified the +3 rapier "Voacwez" {god gift, protect, Str+2} (Okawaru gifted it to you on level 1 of the Vaults)
 55391 | Vaults:1 | Killed a lich
 56344 | Vaults:1 | Reached skill level 6 in Armour
 56853 | Vaults:1 | Noticed a Tzitzimitl
 57599 | D:11     | Learned a level 3 spell: Portal Projectile
 57771 | Vaults:2 | Received a gift from Okawaru
 58212 | Vaults:2 | Reached skill level 1 in Hexes
 58212 | Vaults:2 | Reached XP level 20. HP: 170/170 MP: 25/32
 59021 | Vaults:2 | Found Juidiebb's Armour Shoppe.
 59029 | Vaults:2 | Bought the +6 storm dragon scales of Roakk {rElec rPois Regen+ rCorr Dex-3} for 1710 gold pieces
 59096 | Vaults:2 | HP: 7/170 [two-headed ogre/dire flail (10)]
 59354 | Vaults:2 | Found a staircase to the Crypt.
 59654 | Vaults:2 | Reached skill level 9 in Spellcasting
 59654 | Vaults:2 | Reached skill level 3 in Hexes
 59667 | Vaults:2 | Received a gift from Okawaru
 59987 | Vaults:3 | Noticed Bai Suzhen
 60329 | Vaults:3 | Found Iddemp's Gadget Emporium.
 60377 | Vaults:3 | Killed Bai Suzhen
 60377 | Vaults:3 | Received a gift from Okawaru
 60776 | Vaults:3 | Killed from afar by a deep troll earth mage

Vault maps used:
D:1:      shiori_arrival_whats_in_store_for_you
D:2:      grunt_decor_cap, minmay_pentomino_o4
D:3:      elyvilon_altar_4, gammafunk_temple_overflow_pools, serial_glass,
          glass_columns_c, glass_columns_a, uniq_iyjb
D:4:      marbit_many_paths, first_bread, serial_shops, shop
D:6:      enter_ossuary_5, uniq_grinder, uniq_blork_the_orc
D:7:      temple_pool_b, enter_bailey_3, uniq_pikel
D:8:      bloody_trog, cheibrodos_ashenzari_chains, uniq_erica
D:9:      david_lair_generic
D:10:     basic_altar
D:11:     erik_orc_2, st_stairs_6, blue_anna_alchemist, uniq_fannar,
          uniq_erolcha, uniq_maurice
D:12:     hangedman_decor_opposing, kennysheep_treasure_room
D:13:     lightli_vaults_fourway_checkpoint
D:14:     minmay_outward_triangles, minmay_staircase_windowed_small, uniq_agnes
D:15:     hangedman_depths_entry_civil_slaughter, nicolae_gozag_seed_capital,
          grunt_ministairs_13
Temple:   eino_temple_rhombus
Lair:1:   beast_lair_carwin_7
Lair:2:   nicolae_swamp_entry_splash_gauntlet
Lair:3:   beast_lair_carwin_6, lemuel_fruit_tree, uniq_snorg, uniq_rupert
Lair:4:   guppyfry_snake_entry_island, grunt_megastairs_1
Lair:5:   onia_ninara_swampy_vault, slime_dummy
Lair:6:   guppyfry_lair_end_dragon, hangedman_lair_tendril_chambers,
          worms_lemuel
Swamp:1:  evilmike_swamp_ruin_house_5, swamp_pool4
Swamp:2:  infiniplex_staircase_pool, swamp_pool3
Swamp:3:  serial_swamp_ruin, evilmike_swamp_ruin_rubble_1,
          hangedman_swamp_ruin_hall, uniq_roxanne
Swamp:4:  swamp
Snake:1:  serial_shops, nicolae_shop_stone, grunt_megastairs_4, uniq_aizul
Snake:2:  serial_shops, bzr_entry_customers, serial_bayou_shore_b
Snake:3:  cheibrodos_snake_lava_hold, grunt_megastairs_2, uniq_mara
Snake:4:  johnstein_snake_rune_scales, serial_shops, bzr_entry_water
Orc:1:    uniq_josephine
Orc:2:    grunt_orc_cross
Vaults:1: vaults_dpeg_spiral, v_alt_pattern_5,
          minmay_guarded_unrand_guard_vaults, vaults_room_grunt_arrival_ludios,
          v_pattern_2, hangedman_vaults_stream, ontoclasm_vaults_loading_screen,
          vaults_room_pools, uniq_jorgrun
Vaults:2: nicolae_vaults_specimen_jars, vaults_room_corners,
          ontoclasm_vaults_ring_large, minmay_crypt_entry_nasty_monster,
          hangedman_vaults_stagger, v_rooms_2, ontoclasm_vaults_loading_screen,
          v_alt_pattern_6, ontoclasm_vaults_tryst, vaults_room_fours,
          serial_shops, shop
Vaults:3: ontoclasm_vaults_fault, v_misc_30, ontoclasm_vaults_eye,
          hangedman_vaults_slice, vaults_mumra_hexcomb,
          ontoclasm_vaults_ring_large, v_rooms_3, vaults_room_fours,
          ontoclasm_vaults_idyll, nicolae_vaults_ring_of_whatevers,
          vaults_room_glass_cross, vaults_room_pools, serial_shops, shop,
          uniq_bai_suzhen
Bazaar:   bazaar_long_row, bazaar_outfitter

Skill      XL: |  1  2  3  4  5  6  7  8  9 10 11 12 13 14 15 16 17 18 19 20 |
---------------+-------------------------------------------------------------+-----
Bows           | 6 7 8 9 11 15 19 23 24 | 24.0
Unarmed Combat | 1 2 |  2.3
Fighting       | 3 4 6 7 9 10 11 12 | 12.6
Throwing       | 1 |  1.0
Invocations    | 1 6 8 |  8.1
Polearms       | 3 7 8 9 10 12 | 12.0
Armour         | 2 5 6 8 |  8.0
Dodging        | 5 8 |  8.2
Summonings     | 2 5 |  5.2
Charms         | 2 6 8 10 | 10.3
Translocations | 2 6 8 10 | 10.2
Spellcasting   | 1 5 7 8 9 |  9.0
Air Magic      | 4 7 |  7.4
Hexes          | 1 4 |  4.0
Stealth        | |  0.4

Action                   |  1- 3 |  4- 6 |  7- 9 | 10-12 | 13-15 | 16-18 | 19-21 || total
-------------------------+-------+-------+-------+-------+-------+-------+-------++-------
Melee: Short sword       |   108 |    12 |       |       |       |       |       ||   120
       Kick              |    15 |    18 |    92 |   252 |   538 |   174 |   191 ||  1280
       Hunting sling     |     1 |       |       |       |       |       |       ||     1
       Halberd           |       |    66 |   240 |       |       |       |       ||   306
       Whip              |       |    39 |       |       |       |       |       ||    39
       Punch             |       |     1 |       |     6 |    20 |    12 |     5 ||    44
       Trident           |       |       |   138 |  1240 |   523 |       |       ||  1901
       Unarmed           |       |       |       |    12 |       |       |       ||    12
       Double sword      |       |       |       |    11 |       |       |       ||    11
       Spear             |       |       |       |       |  1373 |   519 |   126 ||  2018
       Glaive            |       |       |       |       |       |       |   284 ||   284
 Fire: Shortbow          |     8 |     9 |    46 |   151 |   162 |       |       ||   376
       Hunting sling     |    71 |   325 |   211 |    47 |    15 |       |       ||   669
       Longbow           |       |       |       |       |   218 |  1955 |   784 ||  2957
Throw: Stone             |       |       |       |     3 |       |       |       ||     3
       Throwing net      |       |       |       |       |       |       |     1 ||     1
 Cast: Blink             |       |       |       |       |       |    18 |     3 ||    21
       Shroud of Golubri |       |       |       |       |       |    13 |    26 ||    39
       Passage of Golubr |       |       |       |       |       |     9 |    18 ||    27
       Call Canine Famil |       |       |       |       |       |     2 |       ||     2
       Portal Projectile |       |       |       |       |       |       |    11 ||    11
Invok: Lesser Healing    |       |       |     2 |       |       |       |       ||     2
       Heroism           |       |       |       |    10 |     8 |    17 |     8 ||    43
       Finesse           |       |       |       |     2 |     2 |    13 |     6 ||    23
 Abil: Cancel Portal Pro |       |       |       |       |       |       |     1 ||     1
       Evoke Berserk Rag |       |       |       |       |       |       |     1 ||     1
Evoke: Wand              |       |       |     7 |       |       |       |     1 ||     8
       Lamp of fire      |       |       |       |       |       |       |     1 ||     1
       Phial of floods   |       |       |       |       |       |       |     1 ||     1
  Use: Potion            |       |     1 |     3 |     1 |     3 |     2 |     3 ||    13
       Scroll            |       |       |    11 |    15 |    22 |     7 |    10 ||    65
 Stab: Sleeping          |       |       |       |       |       |     2 |     2 ||     4
  Eat: Chunk             |     4 |     9 |    18 |    34 |    39 |    15 |    14 ||   133
       Fruit             |       |       |     1 |     3 |    20 |    16 |     5 ||    45
       Royal jelly       |       |       |     1 |       |       |     2 |       ||     3
       Meat ration       |       |       |       |       |       |     1 |     1 ||     2
Armor: Leather armour    |    53 |    17 |       |       |       |       |       ||    70
       Scale mail        |       |   261 |   281 |       |       |       |       ||   542
       Fire dragon scale |       |       |    30 |   524 |   229 |       |       ||   783
       Swamp dragon scal |       |       |       |       |   129 |   334 |   154 ||   617
       Chain mail        |       |       |       |       |   329 |    49 |       ||   378
       Storm dragon scal |       |       |       |       |       |       |   187 ||   187
Dodge: Dodged            |    63 |   112 |   133 |   369 |   433 |   414 |   295 ||  1819
       Rpst.: Double sword |       |       |       |     8 |       |       |       ||     8
